 Dungeon Crawl Stone Soup version 0.25-a0-861-g340c9e8194 (webtiles) character file.

Game seed: 2289331681311760871, levelgen mode: deterministic

88 Esekla the Charmwright (level 4, -11/25 HPs)
             Began as a Deep Elf Skald on Apr 29, 2020.
             Mangled by an ogre
             ... wielding a +0 giant club
              (14 damage)
             ... on level 4 of the Dungeon.
             The game lasted 00:11:31 (2002 turns).

Esekla the Charmwright (Deep Elf Skald)             Turns: 2002, Time: 00:11:32

Health: -11/25     AC:  9    Str:  8    XL:     4   Next: 30%
Magic:  13/21      EV: 12    Int: 19    God:
Gold:   96         SH:  0    Dex: 14    Spells: 3/11 levels left

rFire    . . .     SeeInvis .   a - +0 falchion
rCold    . . .     Gourm    .   (no shield)
rNeg     . . .     Faith    .   b - +0 leather armour
rPois    .         Spirit   .   (no helmet)
rElec    .         Reflect  .   (no cloak)
rCorr    .         Harm     .   (no gloves)
MR       .....                  (no boots)
Stlth    +.........             (no amulet)
HPRegen  0.08/turn              h - ring of magical power
MPRegen  0.17/turn              (no ring)

@: icy armour, very slightly contaminated
A: no striking features
a: no special abilities


You were on level 4 of the Dungeon.
You were hungry.

You visited 1 branch of the dungeon, and saw 4 of its levels.

You collected 96 gold pieces.

Inventory:

Hand Weapons
 a - a +0 falchion (weapon)
 k - a +0 trident
Armour
 b - a +0 leather armour (worn)
Jewellery
 h - a ring of magical power (left hand)
Scrolls
 c - a scroll of magic mapping {unknown}
 f - a scroll of remove curse {unknown}
 i - a scroll of fear {unknown}
 l - a scroll of enchant armour {unknown}
Potions
 e - a potion of haste {unknown}
 j - a potion of might
 m - a potion of brilliance {unknown}
Comestibles
 d - a ration


   Skills:
 - Level 1.5 Fighting
 * Level 3.2 Long Blades
 - Level 0.7 Armour
 + Level 2.7 Dodging
 * Level 4.2 Spellcasting
 - Level 4.4 Charms
 * Level 1.2 Translocations


You had 3 spell levels left.
You knew the following spells:

 Your Spells              Type           Power        Failure   Level  Hunger
a - Ozocubu's Armour      Chrm/Ice       ##......     22%         3    ###....
b - Shroud of Golubria    Chrm/Tloc      ##....       9%          2    #......
c - Song of Slaying       Chrm           ###.....     4%          2    #......
d - Infusion              Chrm           ###.         3%          1    None

Your spell library contained the following spells:

 Spells                   Type           Power        Failure   Level  Hunger
 Spectral Weapon          Hex/Chrm       ##......     22%         3    ###....


Dungeon Overview and Level Annotations

Branches:
Dungeon (4/15)
 Temple: D:4-7

Altars:


Message History

Casting: Ozocubu's Armour (mildly dangerous; 22% risk of failure)
Confirm with . or Enter, or press ? or * to list all spells.
A film of ice covers your body!
You are feeling hungry.
The ogre closely misses you.
Casting: Ozocubu's Armour (mildly dangerous; 22% risk of failure)
Confirm with . or Enter, or press ? or * to list all spells.
Your icy armour thickens.
The ogre closely misses you.
You hit the ogre.
The ogre is lightly wounded.
The ogre hits you with a +0 giant club!!
Ouch! That really hurt!
* * * LOW HITPOINT WARNING * * *
Okay, then.
As you read the scroll labeled YRPHAR AM ILAYR, it crumbles to dust.
It is a scroll of identify.
j - a potion of might The ogre hits you with a +0 giant club!
Ouch! That really hurt!
You die...

.8## ...##
...8##################
.....##..............#
.....8#..............#
......'..............#
.....8#..............#
.....##..........(...#
...8##.........O@....#
...###...............#
.8####...............#
+##. #...............#
... #...............#
.. #...............#
.# #...........#####
.## #...........#
..#####.###......#


You could see an ogre.

Vanquished Creatures
  2 hounds (D:4)
  An adder (D:4)
  3 orcs
  A goblin (D:1)
  3 hobgoblins
  2 bats
  2 frilled lizards (D:1)
  2 kobolds (D:1)
  A leopard gecko skeleton (D:4)
  2 rats
19 creatures vanquished.

Notes
Turn   | Place    | Note
-------+----------+-------------------------------------------
     0 | D:1      | Esekla the Deep Elf Skald began the quest for the Orb.
     0 | D:1      | Reached XP level 1. HP: 12/12 MP: 6/6
   526 | D:1      | Reached XP level 2. HP: 13/16 MP: 8/8
   827 | D:3      | Learned a level 2 spell: Shroud of Golubria
   830 | D:3      | Learned a level 2 spell: Song of Slaying
  1445 | D:4      | Reached XP level 3. HP: 14/20 MP: 10/10
  1450 | D:4      | Learned a level 3 spell: Ozocubu's Armour
  1592 | D:4      | Reached skill level 1 in Translocations
  1608 | D:4      | Reached XP level 4. HP: 3/25 MP: 12/12
  1981 | D:4      | Noticed an ogre
  2002 | D:4      | Mangled by an ogre

Levels and vault maps discovered:
D:1:      minmay_arrival_glassed_features, layout_rooms
D:2:      layout_rooms, ebering_dispersal_statue_hall
D:3:      layout_loops_ring
D:4:      layout_basic, lemuel_doored_altar, first_ration, dk_noncrumbling_4,
          st_stairs_14

Skill      XL: |  1  2  3 |
---------------+----------+-----
Long Blades    | 2 3 |  3.2
Spellcasting   | 4 |  4.2
Translocations | 1 |  1.2
Fighting       | |  1.5
Armour         | |  0.7
Dodging        | |  2.7
Charms         | |  4.4

Action                   |  1- 3 |  4- 6 || total
-------------------------+-------+-------++-------
Melee: Falchion          |    85 |     1 ||    86
 Cast: Infusion          |     9 |       ||     9
       Shroud of Golubri |     4 |       ||     4
       Song of Slaying   |     2 |       ||     2
       Ozocubu's Armour  |     1 |     2 ||     3
  Use: Scroll            |       |     1 ||     1
  Eat: Ration            |     1 |       ||     1
Armor: Leather armour    |    18 |       ||    18
Dodge: Dodged            |    63 |     2 ||    65
       Rpst.: Falchion   |    15 |       ||    15

Table legend:
 A = Non-vault XP
 B = Vault XP
 C = Vault XP percentage of total XP
 D = Non-vault monster count
 E = Vault monster count
 F = Vault count percentage of total count
                 A         B        C        D         E       F
            +---------+---------+-------+---------+---------+-------
      Total |     114 |      13 |  10.2 |      18 |       1 |   5.3
            +---------+---------+-------+---------+---------+-------
        D:1 |      11 |       0 |   0.0 |       8 |       0 |   0.0
        D:2 |       4 |       0 |   0.0 |       3 |       0 |   0.0
        D:3 |       8 |       0 |   0.0 |       3 |       0 |   0.0
        D:4 |      91 |      13 |  12.5 |       4 |       1 |  20.0
            +---------+---------+-------+---------+---------+-------
